 Dungeon Crawl Stone Soup version 0.27-a0-1431-gcffa5a9b16 (webtiles) character file.

Game seed: 1990704091620752056

6693 Wyvernaa the Covert (level 10, -8/68 HPs)
             Began as a Demonspawn Fighter on July 2, 2021.
             Was a Priest of Hepliaklqana.
             Mangled by a skeletal warrior (17 damage)
             ... led by a skeletal warrior
             ... on level 11 of the Dungeon.
             The game lasted 00:29:27 (11998 turns).

Wyvernaa the Covert (Demonspawn Fighter)           Turns: 11998, Time: 00:29:27

Health: -8/68      AC: 14    Str: 21    XL:     10   Next: 74%
Magic:  15/15      EV: 11    Int: 16    God:    Hepliaklqana [***...]
Gold:   150        SH: 12    Dex: 25    Spells: 9/9 levels left

rFire    . . .     SeeInvis .   a - +3 rapier
rCold    . . .     Faith    .   c - +0 kite shield
rNeg     . . .     Spirit   .   b - +1 scale mail
rPois    .         Reflect  .   E - +1 helmet {Int+3}
rElec    .         Harm     .   p - +0 cloak
rCorr    .         Rampage  .   D - +1 pair of gloves {Str+3}
Will     .....                  (no boots)
Stlth    +++.......             o - amulet of magic regeneration
HPRegen  0.21/turn              e - +6 ring of dexterity
MPRegen  0.39/turn              f - +6 ring of dexterity

@: studying 2 skills
A: reduced essence, talons 1, demonic guardian 1, ignite blood 2, big brain 1
a: Renounce Religion, Recall Ancestor, Ancestor Identity, Transference


You were on level 11 of the Dungeon.
You worshipped Hepliaklqana.
Hepliaklqana was most pleased with you.
You visited 2 branches of the dungeon, and saw 12 of its levels.

You collected 546 gold pieces.
You spent 396 gold pieces at shops.

Inventory:

Hand Weapons
 a - a +3 rapier (weapon)
Armour
 b - a +1 scale mail (worn)
 c - a +0 kite shield (worn)
 p - a +0 cloak (worn)
 r - a +0 chain mail
 D - a +1 pair of gloves of strength (worn)
 E - a +1 helmet of intelligence (worn)
Jewellery
 e - a +6 ring of dexterity (left hand)
 f - a +6 ring of dexterity (right hand)
 o - an amulet of magic regeneration (around neck)
 u - a ring of magical power
 y - a ring of ice
Wands
 n - a wand of iceblast (11)
 q - a wand of digging (3)
 v - a wand of paralysis (9)
 B - a wand of flame (28)
Scrolls
 g - 3 scrolls of immolation
 i - 2 scrolls of amnesia
 k - 6 scrolls of teleportation
 l - 2 scrolls of magic mapping
 m - a scroll of silence
 t - 2 scrolls of vulnerability
 F - a scroll of fog
Potions
 d - a potion of lignification {unknown}
 h - 3 potions of attraction
 j - 2 potions of curing
 s - a potion of berserk rage {unknown}
 w - 2 potions of flight
 x - a potion of degeneration {unknown}
 z - a potion of mutation {unknown}
 A - a potion of cancellation {unknown}
 C - 2 potions of magic {unknown}
 G - a potion of invisibility {unknown}


   Skills:
 + Level 6.1 Fighting
 + Level 8.0 Short Blades
 + Level 7.1 Armour
 + Level 3.5 Dodging
 * Level 8.2 Stealth
 + Level 6.0 Shields
 * Level 6.9 Invocations
 + Level 1.2 Evocations


You had 9 spell levels left.
You didn't know any spells.
Your spell library contained the following spells:

 Spells                   Type           Power      Damage    Failure   Level
 Foxfire                  Conj/Fire      0%         2x1d4     89%         1
 Corpse Rot               Necr/Air       N/A        N/A       96%         2
 Static Discharge         Conj/Air       0%         N/A       96%         2
 Conjure Flame            Conj/Fire      0%         6-21      99%         3
 Dazzling Flash           Conj/Hex       0%         N/A       99%         3
 Frozen Ramparts          Ice            0%         1d2       99%         3
 Ignite Poison            Fire/Tmut/Pois 0%         N/A       99%         3
 Inner Flame              Hex/Fire       0%         N/A       99%         3
 Animate Armour           Summ/Erth      0%         N/A       100%        4
 Dispel Undead            Necr           0%         3d6       100%        4
 Ice Form                 Ice/Tmut       0%         N/A       100%        4
 Leda's Liquefaction      Hex/Erth       0%         N/A       100%        4
 Sticky Flame             Conj/Fire      0%         2d3       100%        4
 Summon Ice Beast         Ice/Summ       0%         N/A       100%        4
 Agony                    Necr           0%         N/A       100%        5
 Bolt of Magma            Conj/Fire/Erth 0%         4d4       100%        5
 Borgnjor's Vile Clutch   Necr/Erth      0%         N/A       100%        5
 Lightning Bolt           Conj/Air       0%         1d11      100%        5
 Silence                  Hex/Air        0%         N/A       100%        5
 Death Channel            Necr           0%         N/A       100%        6
 Dispersal                Tloc           0%         N/A       100%        6
 Statue Form              Tmut/Erth      0%         N/A       100%        6
 Disjunction              Tloc           0%         N/A       100%        8
 Maxwell's Capacitive Co  Air            0%         ∞         100%        8
 Shatter                  Erth           0%         3d5*      100%        9


Dungeon Overview and Level Annotations

Branches:
Dungeon (11/15)            Temple (1/1) D:6            Lair (0/6) D:11
    Orc (0/2) D:11

Altars:
Ashenzari
Cheibriados
Dithmenos
Elyvilon
Fedhas
Gozag
Hepliaklqana
Kikubaaqudgha
Makhleb
Nemelex Xobeh
Okawaru
Qazlal
Ru
Sif Muna
Trog
Uskayaw
Vehumet
Wu Jian
Xom
Yredelemnul
Zin
The Shining One

Shops:
D:2 *(   D:9 [

Annotations:
D:5 1 runed translucent door, Blork the orc; Sobieck's ghost, novice OpVM
D:8 1 runed translucent door
D:9 3 runed translucent doors, lmSkywalker's ghost, novice MiFi


Innate Abilities, Weirdness & Mutations

Your life essence is reduced to manifest your ancestor. (-10% HP)
You have sharp toenails.
A weak demonic guardian rushes to your aid.
Your demonic aura often causes spilled blood to erupt in flames.
You have an unusually large brain. (Int +2)


Message History

Crazy Diamond casts a spell at the two-headed ogre.
The two-headed ogre easily resists.
A skeletal warrior comes into view. It is wielding a +0 halberd.
You feel better.
Crazy Diamond hits the two-headed ogre with a +0 dagger of draining!
The two-headed ogre is engulfed in blazing flames.
The two-headed ogre barely misses you.
The two-headed ogre hits you with a +0 giant spiked club!
A demonic guardian appears!
You hit the two-headed ogre. You claw the two-headed ogre.
The two-headed ogre is almost dead.
Crazy Diamond casts a spell at the two-headed ogre.
The two-headed ogre easily resists.
The two-headed ogre is engulfed in blazing flames.
You kill the two-headed ogre!
Your Short Blades skill increases to level 8!
Your Stealth skill increases to level 8!
Your Shields skill increases to level 6!
Aiming: Throw Flame
Press: ? - help, Shift-Dir - straight line, f - skeletal warrior
Aim: a skeletal warrior, wielding a +0 halberd (68% to hit)
The puff of flame hits the skeletal warrior but does no damage.
Your iron imp hits the skeletal warrior but does no damage.
The skeletal warrior hits your iron imp with a +0 halberd!
Your iron imp hits the skeletal warrior.
You block the skeletal warrior's attack.
Things that are here:
a +0 giant spiked club; a +0 giant spiked club; a two-headed ogre corpse You swap places.
The skeletal warrior hits you with a +0 halberd!!
* * * LOW HITPOINT WARNING * * *
You hit the skeletal warrior but do no damage.
You claw the skeletal warrior.
The skeletal warrior is lightly damaged.
The skeletal warrior hits you with a +0 halberd.
* * * LOW HITPOINT WARNING * * *
Your iron imp barely misses the skeletal warrior.
Crazy Diamond hits the skeletal warrior with a +0 dagger of draining.
The skeletal warrior hits you from afar with a +0 halberd!
You die...

***,,******,,* #......,,,,,,,,,
,,,,,* *,,* #.....,,,,,,,,,,
,,,,,* #.,*####....∩,,,,,,,,,.
**,,,* #.,,,......#****,,,,,,.
*,,,* #..,,,.....# #,,***** *,,,*
#..,,,,....#####.,*
**,,,***###...***#........O.#####
,,,,,,,,......####<..............
,,,,,,,,........@................
,,,,,,,,......5☼.....#####.......
,,,,,,,,......zR○....# #.......
,,,,,,**##...####....#***#...####
,,,,,,* #..,* #......,,...,* *,
,,,,,,* #.,,* #.......,.,,,***,
,,,,,,***#,,,* #........,,,,,,*,
,,,,,,,,,,,,,***#........,,,,,,**
,,,,,,,,,,,,,,,,,,,....,,,,,,***


You could see the friendly Crazy Diamond the hexer, a skeletal warrior (ally
target) and a friendly iron imp (summoned).

Vanquished Creatures
  A two-headed ogre (D:11)
  A tengu warrior (D:8)
  A centaur zombie (D:10)
  A gargoyle (D:10)
  A tengu conjurer (D:8)
  2 shadows (D:10)
  5 yaks (D:9)
  A wyvern (D:8)
  A steam dragon (D:7)
  An acid dragon (D:8)
  A water moccasin (D:4)
  2 sky beasts
  An ice beast (D:4)
  An orc warrior (D:10)
  A necrophage (D:7)
  A black bear (D:2)
  2 ogres (D:6)
  2 centaurs
  3 bullfrogs
  A gnoll sergeant (D:9)
  A water moccasin zombie (D:5)
  A scorpion (D:5)
  A water moccasin skeleton (D:3)
  3 killer bees (D:9)
  4 howler monkeys
  4 wights (D:7)
  A bullfrog zombie (D:6)
  3 hounds
  2 orc priests
  A gnoll shaman (D:7)
  A jelly (D:6)
  An iguana (D:4)
  4 bullfrog skeletons
  4 orc wizards
  3 killer bee zombies
  A hound zombie (D:5)
  2 hound skeletons
  2 howler monkey zombies (D:7)
  9 gnolls
  6 adders
  2 ufetubi
  A worm (D:5)
  2 dart slugs
  17 orcs
  5 ball pythons
  4 bats
  9 endoplasms
  A giant cockroach (D:2)
  6 goblins
  9 hobgoblins
  8 jackals
  4 kobolds
  3 quokkas
  4 frilled lizards
  5 rats
164 creatures vanquished.

Vanquished Creatures (collateral kills)
  A wraith (D:10)
  2 vampire mosquitoes (D:10)
  An orc wizard (D:8)
  2 orcs (D:8)
6 creatures vanquished.

Vanquished Creatures (others)
  A sky beast (D:6)
  An ancestor (D:8)
  A shadow imp (D:6)
3 creatures vanquished.

Grand Total: 173 creatures vanquished

Notes
Turn   | Place    | Note
-------+----------+-------------------------------------------
     0 | D:1      | Wyvernaa the Demonspawn Fighter began the quest for the
                  | Orb.
     0 | D:1      | Reached XP level 1. HP: 18/18 MP: 1/1
    37 | D:1      | Gained mutation: You have sharp toenails. [demonic
                  | ancestry]
    37 | D:1      | Reached XP level 2. HP: 12/24 MP: 2/2
   459 | D:1      | Found a faded altar of an unknown god.
   650 | D:2      | Noticed a black bear
   695 | D:2      | Gained mutation: Your demonic aura sometimes causes spilled
                  | blood to erupt in flames. [demonic ancestry]
   695 | D:2      | Reached XP level 3. HP: 29/29 MP: 3/3
  1239 | D:2      | Found Zutet's Antique Weapon Shop.
  1241 | D:2      | Found Torirchosm's Assorted Antiques.
  1396 | D:2      | Reached XP level 4. HP: 20/35 MP: 4/4
  1767 | D:2      | Killed a black bear
  1768 | D:2      | Reached XP level 5. HP: 36/41 MP: 5/5
  2513 | D:3      | Reached skill level 1 in Dodging
  2614 | D:4      | Reached XP level 6. HP: 46/48 MP: 6/6
  3169 | D:3      | Found a sparkling altar of Nemelex Xobeh.
  3426 | D:4      | Noticed a water moccasin
  3433 | D:4      | Killed a water moccasin
  3758 | D:4      | Found a sacrificial altar of Ru.
  3922 | D:4      | Gained mutation: Your demonic aura often causes spilled
                  | blood to erupt in flames. [demonic ancestry]
  3922 | D:4      | Reached XP level 7. HP: 54/54 MP: 7/7
  4148 | D:4      | Reached skill level 1 in Stealth
  4408 | D:5      | Entered Level 5 of the Dungeon
  4532 | D:5      | Found a runed translucent door.
  4662 | D:5      | Noticed Sobieck's ghost (novice OpVM)
  4680 | D:5      | Noticed Blork the orc
  5163 | D:5      | Reached skill level 5 in Short Blades
  5407 | D:5      | Reached skill level 5 in Armour
  5407 | D:5      | Gained mutation: A weak demonic guardian rushes to your
                  | aid. [demonic ancestry]
  5407 | D:5      | Reached XP level 8. HP: 38/61 MP: 8/8
  6920 | D:6      | Found a runed translucent door.
  6927 | D:6      | Found a basalt altar of Yredelemnul.
  7031 | D:6      | Found a staircase to the Ecumenical Temple.
  7055 | Temple   | Entered the Ecumenical Temple
  7158 | Temple   | Became a worshipper of Hepliaklqana the Forgotten
  7188 | D:6      | Reached skill level 1 in Invocations
  7373 | D:6      | Found an iron altar of Okawaru.
  7385 | D:6      | Found a hide-covered altar of Uskayaw.
  7718 | D:7      | Reached skill level 5 in Fighting
  7955 | D:7      | Reached XP level 9. HP: 64/67 MP: 10/10
  8269 | D:7      | Reached * piety under Hepliaklqana
  8278 | D:7      | Found a shadowy altar of Dithmenos.
  8498 | D:8      | Reached skill level 5 in Shields
  8689 | D:8      | Found a runed translucent door.
  8689 | D:8      | Found a burning altar of Makhleb.
  8689 | D:8      | Noticed a sixfirhy
  8853 | D:8      | Noticed a tengu warrior
  8853 | D:8      | Noticed a tengu conjurer
  8858 | D:8      | Killed a tengu conjurer
  8872 | D:8      | Killed a tengu warrior
  8873 | D:8      | Reached skill level 1 in Evocations
  9115 | D:8      | Got Sif Muna's Collected Works on the Rocks
  9216 | D:8      | Reached skill level 5 in Stealth
  9675 | D:9      | Reached ** piety under Hepliaklqana
  9676 | D:9      | Remembered your ancestor Crazy Diamond as a hexer
  9704 | D:9      | Found a radiant altar of Vehumet.
 10135 | D:9      | Reached skill level 5 in Invocations
 10135 | D:9      | Found Azoakhlu's Armour Shop.
 10142 | D:9      | Gained mutation: You have an unusually large brain. (Int
                  | +2) [demonic ancestry]
 10142 | D:9      | Reached XP level 10. HP: 55/68 MP: 13/13
 10207 | D:9      | Bought a +1 pair of gloves of strength for 198 gold pieces
 10217 | D:9      | Bought a +1 helmet of intelligence for 198 gold pieces
 10507 | D:9      | Found a runed translucent gate.
 10508 | D:9      | Found a runed translucent gate.
 10509 | D:9      | Found a runed translucent gate.
 10510 | D:9      | Noticed lmSkywalker's ghost (novice MiFi)
 10743 | D:10     | Entered Level 10 of the Dungeon
 10749 | D:10     | Noticed a gargoyle
 10928 | D:10     | Killed a gargoyle
 11877 | D:11     | Noticed a two-headed ogre
 11927 | D:11     | Noticed a two-headed ogre
 11988 | D:11     | Reached *** piety under Hepliaklqana
 11988 | D:11     | Noticed a two-headed ogre
 11991 | D:11     | Noticed a skeletal warrior
 11993 | D:11     | Killed a two-headed ogre
 11998 | D:11     | Mangled by a skeletal warrior

Illustrated notes

Levels and vault maps discovered:
D:1:      lightli_arrival_isolated_outpost, layout_rooms,
          ebering_ecumenical_altar_hall, chequers_hall_statues_y
D:2:      layout_basic, serial_shops, nicolae_shop_overgrown_old_shop,
          nicolae_shop_waterfront
D:3:      layout_basic, nemelex_dance_club_becter, minmay_statues_item,
          kennysheep_path_1, kennysheep_nondescript
D:4:      layout_gridville, nicolae_ru_awakened_eye, lemuel_round_altar
D:5:      layout_gridville, ebering_ghost_reflecting_pool,
          minmay_manual_monstrance, uniq_blork_the_orc
D:6:      layout_basic, amethyst_overflow_temple_binary, dk_yredelemnul_ordeal,
          minmay_temple_entry_nine_rooms, chequers_serial_rivers_small_a,
          minmay_liquid_box
D:7:      layout_basic, general_overflow_altar
D:8:      layout_rooms, nzn_makhleb_speed_demon, minivault_10
D:9:      layout_loops_corners, vehumet_altar_wand_db, gammafunk_ghost_spectres,
          serial_shops, shop
D:10:     layout_basic
D:11:     layout_small_grid, david_lair_shrubbed, minmay_orc_entry_temple_large,
          gauntlet_entry_generic
Temple:   nicolae_temple_god_jail

Skill      XL: |  1  2  3  4  5  6  7  8  9 10 |
---------------+-------------------------------+-----
Shields        | 3 4 5 6 |  6.0
Short Blades   | 2 3 4 5 6 7 8 |  8.0
Armour         | 3 4 5 6 7 |  7.1
Dodging        | 1 2 3 |  3.5
Fighting       | 4 5 6 |  6.1
Stealth        | 1 2 5 8 |  8.2
Invocations    | 2 5 6 |  6.9
Evocations     | 1 |  1.2

Action                   |  1- 3 |  4- 6 |  7- 9 | 10-12 || total
-------------------------+-------+-------+-------+-------++-------
Melee: Rapier            |    83 |   102 |   277 |    82 ||   544
       Kick              |    17 |    33 |   135 |    41 ||   226
Invok: Ancestor Life: He |       |       |     1 |       ||     1
       Ancestor Identity |       |       |     1 |       ||     1
Evoke: Wand              |       |       |     9 |     2 ||    11
  Use: Scroll            |     2 |     4 |    12 |     2 ||    20
       Potion            |     1 |     3 |     2 |     1 ||     7
 Stab: Sleeping          |       |       |     1 |     4 ||     5
       Distracted        |       |       |     1 |     3 ||     4
       Confused          |       |       |       |     2 ||     2
Armor: Scale mail        |    46 |    31 |   101 |    27 ||   205
Dodge: Dodged            |    38 |    30 |    84 |    20 ||   172
Block: Kite shield       |    56 |    50 |   127 |    42 ||   275

Table legend: (Time is in decaauts)
 A = Elapsed time spent in this place.
 B = Non-inter-level travel time spent in this place.
 C = Inter-level travel time spent in this place.
 D = Time resting spent in this place.
 E = Time spent auto-exploring this place.
 F = Levels seen in this place.
 G = Mean time per level.
                   A        B        C        D        E       F      G
               +--------+--------+--------+--------+--------+-----+--------+
         Total |  12105 |  11784 |    321 |   3045 |   6480 |  12 | 1008.8 |
       Dungeon |  11981 |  11678 |    303 |   3045 |   6447 |  11 | 1089.2 |
        Temple |    124 |    106 |     18 |      0 |     33 |   1 |  124.0 |
               +--------+--------+--------+--------+--------+-----+--------+

Top non-repeatable levels by time:
     D:5: 2317 daAuts
     D:2: 1366 daAuts
     D:4: 1249 daAuts
     D:3: 1239 daAuts
     D:8: 1229 daAuts
    D:10: 1223 daAuts
     D:9: 1113 daAuts
     D:7: 975 daAuts
     D:1: 620 daAuts
     D:6: 611 daAuts
  Temple: 124 daAuts
    D:11: 34 daAuts
